 Dungeon Crawl Stone Soup version 0.30-a0-424-g7412bad402 (webtiles) character file.

Game seed: 523902141439794275

2703 AigisTheKnight the Geomancer (level 9, 0/54 HPs)
             Began as a Gargoyle Earth Elementalist on Dec 9, 2022.
             Was a Follower of the Shining One.
             Slain by an orc
             ... wielding a +0 mace
              (6 damage)
             ... on level 8 of the Dungeon.
             The game lasted 00:09:15 (7281 turns).

AigisTheKnight the Geomancer (GrEE)                 Turns: 7281, Time: 00:09:15

Health: 0/54       AC: 11    Str: 12    XL:     9   Next: 65%
Magic:  2/18       EV: 12    Int: 20    God:    the Shining One [*.....]
Gold:   396        SH:  0    Dex: 10    Spells: 16/20 levels left

rFire   . . .      SeeInvis .    n - +8 trident of the Octopus King {venom, rElec rPois}
rCold   . . .      Faith    .    (no shield)
rNeg    + + .      Spirit   .    a - +0 robe
rPois   ∞          Reflect  .    (no helmet)
rElec   +          Harm     .    D - +0 cloak
rCorr   .          Rampage  .    A - +0 pair of gloves
Will    .....                    (no boots)
Stlth   +.........               (no amulet)
HPRegen 0.29/turn                t - ring of positive energy
MPRegen 0.16/turn                (no ring)

@: glowing
A: sickness immunity, AC +6, negative energy resistance 1, electricity
resistance, torment resistance 1, petrification resistance
a: Renounce Religion, Divine Shield


You were on level 8 of the Dungeon.
You worshipped the Shining One.
The Shining One was aware of your devotion.
You visited 2 branches of the dungeon, and saw 10 of its levels.

You collected 396 gold pieces.

Inventory:

Hand Weapons
 n - the +8 trident of the Octopus King (weapon) {venom, rElec rPois}
   (You found it on level 3 of the Dungeon)

   It poisons the flesh of those it strikes.
   rElec:     It insulates you from electricity.
   rPois:     It protects you from poison.
 u - the +2 dagger "Onaolur" {vamp, rC- rCorr Dex+4 Stlth+}
   (You found it on level 3 of the Dungeon)

   It occasionally heals its wielder for a portion of the damage dealt when it
   wounds a living foe.
   Dex:       It affects your dexterity (+4).
   rC:        It makes you vulnerable to cold.
   rCorr:     It protects you from acid and corrosion.
   Stlth:     It makes you more stealthy.
   The Shining One disapproves of the use of such an item.
Armour
 a - a +0 robe (worn)
 A - a +0 pair of gloves (worn)
 D - a +0 cloak (worn)
 E - a +0 ring mail
Jewellery
 t - a ring of positive energy (left hand)
 w - a ring of resist corrosion
Wands
 o - a wand of digging (1)
 q - a wand of flame (30)
 y - a wand of charming (9)
Scrolls
 d - a scroll of fear {unknown}
 g - 8 scrolls of identify {unknown}
 j - a scroll of immolation {unknown}
 l - 4 scrolls of teleportation {unknown}
 m - 2 scrolls of poison {unknown}
 s - a scroll of enchant weapon {unknown}
 v - 2 scrolls of amnesia {unknown}
 x - a scroll of vulnerability {unknown}
 B - a scroll of noise {unknown}
 C - a scroll of enchant armour {unknown}
 F - a scroll of butterflies {unknown}
Potions
 b - 2 potions of magic
 c - 3 potions of might {unknown}
 e - 2 potions of haste {unknown}
 f - a potion of ambrosia {unknown}
 h - 2 potions of curing {unknown}
 i - 3 potions of brilliance {unknown}
 k - 2 potions of degeneration {unknown}
 p - 3 potions of flight {unknown}
 r - 4 potions of heal wounds {unknown}
 z - a potion of invisibility {unknown}


   Skills:
 + Level 5.5 Fighting
 + Level 5.4 Armour
 - Level 1.6 Dodging
 - Level 2.2 Stealth
 + Level 6.0 Spellcasting
 + Level 5.4 Conjurations
 - Level 0.8 Transmutations
 + Level 1.6 Air Magic
 + Level 8.4 Earth Magic


You had 16 spell levels left.
You knew the following spells:

 Your Spells              Type           Power      Damage    Failure   Level
a - Sandblast             Erth           78%        2d17      1%          1
b - Stone Arrow           Conj/Erth      66%        3d11      1%          3

Your spell library contained the following spells:

 Spells                   Type           Power      Damage    Failure   Level
 Magic Dart               Conj           100%       1d8       1%          1
 Shock                    Conj/Air       80%        1d8       2%          1
 Passwall                 Tmut/Erth      20%        N/A       2%          2
 Momentum Strike          Conj/Tloc      32%        3d8       5%          2
 Freeze                   Ice            24%        1d4       11%         1
 Necrotise                Necr           24%        1d5       11%         1
 Poisonous Vapours        Pois/Air       18%        N/A       11%         2
 Hailstorm                Conj/Ice       16%        3d6       11%         3
 Mephitic Cloud           Conj/Pois/Air  15%        N/A       12%         3
 Blink                    Tloc           12%        N/A       16%         2
 Call Imp                 Summ           6%         N/A       16%         2
 Swiftness                Air            12%        N/A       16%         3
 Petrify                  Tmut/Erth      24%        N/A       16%         4
 Leda's Liquefaction      Hex/Erth       11%        N/A       19%         4
 Call Canine Familiar     Summ           6%         N/A       30%         3
 Frozen Ramparts          Ice            12%        1d2       30%         3
 Lesser Beckoning         Tloc           12%        N/A       30%         3
 Portal Projectile        Hex/Tloc       12%        N/A       30%         3
 Vampiric Draining        Necr           6%         2d6       30%         3
 Airstrike                Air            6%         2d(1-17)  45%         4
 Irradiate                Conj/Tmut      9%         3d14      63%         5
 Agony                    Necr           6%         N/A       96%         5
 Cigotuvi's Dreadful Rot  Necr/Pois/Air  Unusable   N/A       N/A         2
 Sublimation of Blood     Necr           Unusable   N/A       N/A         2

Dungeon Overview and Level Annotations

Branches:
Dungeon (9/15)             Temple (1/1) D:6
   Lair: D:8-11         Orc: D:9-12

Altars:
Cheibriados
Dithmenos
Elyvilon
Fedhas
Gozag
Hepliaklqana
Kikubaaqudgha
Makhleb
Nemelex Xobeh
Okawaru
Qazlal
Ru
Trog
Uskayaw
Vehumet
Wu Jian
Xom
Yredelemnul
Zin
The Shining One

Annotations:
D:2 Terence


Innate Abilities, Weirdness & Mutations

You are immune to sickness and miasma.
Your stone body is resilient. (AC +6)
You are immune to poison.
You resist negative energy. (rN+)
You are resistant to electric shocks. (rElec)
You are resistant to unholy torment.
You are immune to petrification.


Message History

The blast of sand hits the orc warrior!
The orc warrior is moderately wounded.
Unknown command.
Casting: Sandblast (safe; 1% risk of failure)
Confirm with . or Enter, or press ? or * to list all spells.
Aiming: Sandblast (safe; 1% risk of failure)
Press: ? - help, Shift-Dir - straight line, f/p - orc warrior
Aim: an orc warrior, wielding a +0 halberd and wearing a +0 chain mail (moderately wounded, 82% to hit)
The blast of sand hits the orc warrior but does no damage.
The orc warrior is moderately wounded.
The orc warrior hits you from afar with a +0 halberd!
Casting: Sandblast (safe; 1% risk of failure)
Confirm with . or Enter, or press ? or * to list all spells.
Aiming: Sandblast (safe; 1% risk of failure)
Press: ? - help, Shift-Dir - straight line, f/p - orc warrior
Aim: an orc warrior, wielding a +0 halberd and wearing a +0 chain mail (moderately wounded, 82% to hit)
The blast of sand hits the orc warrior but does no damage.
The orc warrior is moderately wounded.
The orc warrior hits you from afar with a +0 halberd!
* * * LOW HITPOINT WARNING * * *
The orc warrior hits you from afar with a +0 halberd!
* * * LOW HITPOINT WARNING * * *
Casting: Sandblast (safe; 1% risk of failure)
Confirm with . or Enter, or press ? or * to list all spells.
Aiming: Sandblast (safe; 1% risk of failure)
Press: ? - help, Shift-Dir - straight line, f/p - orc warrior
Aim: an orc warrior, wielding a +0 halberd and wearing a +0 chain mail (moderately wounded, 82% to hit)
The blast of sand hits the orc warrior.
The orc warrior is heavily wounded.
The orc completely misses you. The orc warrior barely misses you.
Unknown command.
Casting: Sandblast (safe; 1% risk of failure)
Confirm with . or Enter, or press ? or * to list all spells.
Aiming: Stone Arrow (safe; 1% risk of failure)
Press: ? - help, Shift-Dir - straight line, f/p - orc warrior
Aim: an orc warrior, wielding a +0 halberd and wearing a +0 chain mail (heavily wounded, 71% to hit)
The stone arrow hits the orc warrior!!
You kill the orc warrior!
The orc hits you with a +0 mace.
You die...

##......## ###...........
#...[##..# #.............
##...)##..## #.............
####....).....# #.............
#.......[).)..## #.............
#..............####)...........
###...............##...).........
#...............o.[).).>.........
.....[........).@..##............
.##...........)....###...........
##..............)..# #..........)
#.................# #...........
#.................# ##..........
#.................# #..........
##................# #........[.
##########)..#..## ##......###
##.).##..# ##...###


You could see an orc.

Vanquished Creatures
  Grinder (D:4)
  Sigmund (D:5)
  A wyvern (D:5)
  Menkaure (D:4)
  A water moccasin (D:7)
  An acid dragon (D:8)
  A sky beast (D:8)
  2 orc warriors (D:8)
  An ice beast (D:6)
  3 ogres
  A centaur (D:6)
  A phantom (D:5)
  A kobold brigand (D:7)
  A bullfrog (D:6)
  7 scorpions
  3 killer bees
  A howler monkey (D:6)
  A hound (D:4)
  4 orc priests
  An iguana (D:6)
  2 orc wizards
  4 gnolls (D:5)
  4 adders
  A shadow imp (D:6)
  4 worms
  A dart slug (D:3)
  44 orcs
  10 endoplasms
  A giant cockroach (D:3)
  4 goblins
  6 hobgoblins
  3 quokkas
  4 ball pythons
  6 bats
  2 frilled lizards
  13 kobolds
  4 rats
  A spectral hobgoblin (D:6)
148 creatures vanquished.

Notes
Turn   | Place    | Note
-------+----------+-------------------------------------------
     0 | D:1      | AigisTheKnight the Gargoyle Earth Elementalist began the
                  | quest for the Orb.
     0 | D:1      | Reached XP level 1. HP: 10/10 MP: 3/3
   240 | D:1      | Reached XP level 2. HP: 15/15 MP: 1/5
   353 | D:1      | Reached skill level 4 in Earth Magic
   876 | D:1      | Reached XP level 3. HP: 19/19 MP: 4/6
  1395 | D:2      | Noticed a scorpion
  1399 | D:2      | Killed a scorpion
  1400 | D:2      | Reached skill level 5 in Earth Magic
  1400 | D:2      | Reached XP level 4. HP: 24/24 MP: 3/8
  1645 | D:2      | Noticed Terence
  1761 | D:3      | Found the +8 trident of the Octopus King {venom, rElec
                  | rPois}
  1788 | D:3      | Identified the +2 dagger "Onaolur" {vamp, rC- rCorr Dex+4
                  | Stlth+}
  1882 | D:3      | Found an opulent altar of Gozag.
  1988 | D:3      | Reached XP level 5. HP: 28/28 MP: 8/10
  2159 | D:3      | Found a glowing silver altar of Zin.
  2689 | D:4      | Reached skill level 1 in Fighting
  2689 | D:4      | Reached skill level 1 in Armour
  2689 | D:4      | Reached skill level 1 in Conjurations
  2689 | D:4      | Reached XP level 6. HP: 29/34 MP: 9/11
  2764 | D:4      | Noticed Menkaure
  2771 | D:4      | Killed Menkaure
  2772 | D:4      | Reached skill level 6 in Earth Magic
  3104 | D:4      | Reached XP level 7. HP: 40/40 MP: 9/13
  3157 | D:4      | Noticed Grinder
  3162 | D:4      | Killed Grinder
  3594 | D:5      | Entered Level 5 of the Dungeon
  3654 | D:5      | Noticed Sigmund
  3759 | D:6      | Reached XP level 8. HP: 34/46 MP: 15/15
  3884 | D:6      | Found a stormy altar of Qazlal.
  3916 | D:6      | Found a staircase to the Ecumenical Temple.
  3972 | Temple   | Entered the Ecumenical Temple
  4023 | Temple   | Became a worshipper of the Shining One
  4109 | D:6      | Found a sacrificial altar of Ru.
  4111 | D:6      | Found an ornate altar of the Wu Jian Council.
  4254 | D:6      | Reached skill level 7 in Earth Magic
  4357 | D:6      | Found a hazy altar of Hepliaklqana.
  4502 | D:6      | Identified the +0 helmet of the Unbroken {rN++}
  4703 | D:5      | Found a snail-covered altar of Cheibriados.
  4727 | D:5      | Reached skill level 5 in Spellcasting
  4778 | D:5      | Killed Sigmund
  4794 | D:5      | Noticed a wyvern
  4798 | D:5      | Killed a wyvern
  5069 | D:5      | Found a blossoming altar of Fedhas.
  5291 | D:5      | Reached XP level 9. HP: 52/52 MP: 17/17
  5488 | D:7      | Learned a level 3 spell: Stone Arrow
  5648 | D:7      | Reached skill level 5 in Fighting
  5713 | D:7      | Reached skill level 5 in Armour
  5713 | D:7      | Reached skill level 8 in Earth Magic
  6288 | D:8      | Reached skill level 5 in Conjurations
  6616 | D:8      | Reached skill level 1 in Air Magic
  6953 | D:8      | Reached * piety under the Shining One
  7281 | D:8      | Slain by an orc

Illustrated notes

Levels and vault maps discovered:
D:1:      lemuel_arrival_tunnels, layout_basic
D:2:      layout_basic, grunt_ministairs_1, uniq_terence
D:3:      minmay_razor_zed, layout_rooms,
          pdpol_temple_overflow_zin_treasury_gozag_greed, minmay_crystal_water
D:4:      layout_basic, uniq_grinder, uniq_menkaure
D:5:      layout_basic, mainiacjoe_overflow_catwalk_spiral, uniq_sigmund
D:6:      layout_basic, chequers_temple_overflow_statue_of_worship,
          nicolae_hepliaklqana_monster_ancestors, lemuel_crystal_altar,
          minmay_temple_entry_offerings
D:7:      layout_basic, kennysheep_path_1
D:8:      layout_cave_pods, lair_entry_dummy, special_room [special_room_orc],
          nicolae_elevator_lobby_asterisk
D:9:      layout_long_grid, serial_undead, serial_undead_c, serial_undead_a,
          serial_undead_d, serial_undead_b
Temple:   nicolae_temple_god_jail

Skill      XL: |  1  2  3  4  5  6  7  8  9 |
---------------+----------------------------+-----
Earth Magic    | 4 5 6 7 8 |  8.4
Spellcasting   | 3 4 5 6 |  6.0
Fighting       | 1 2 3 4 5 |  5.5
Armour         | 1 2 3 4 5 |  5.4
Conjurations   | 1 2 3 4 5 |  5.4
Air Magic      | 1 |  1.6
Dodging        | |  1.6
Stealth        | |  2.2
Transmutations | |  0.8

Action                   |  1- 3 |  4- 6 |  7- 9 || total
-------------------------+-------+-------+-------++-------
Melee: Unarmed           |    20 |       |       ||    20
       Trident           |       |    62 |   111 ||   173
 Cast: Sandblast         |    38 |    43 |    47 ||   128
       Stone Arrow       |       |       |    12 ||    12
 Stab: Sleeping          |       |     2 |       ||     2
       Distracted        |       |     1 |       ||     1
Armor: Robe              |    16 |    25 |    55 ||    96
Dodge: Dodged            |    39 |    55 |    82 ||   176

Table legend: (Time is in decaauts)
 A = Elapsed time spent in this place.
 B = Non-inter-level travel time spent in this place.
 C = Inter-level travel time spent in this place.
 D = Time resting spent in this place.
 E = Time spent auto-exploring this place.
 F = Levels seen in this place.
 G = Mean time per level.
                   A        B        C        D        E       F      G
               +--------+--------+--------+--------+--------+-----+--------+
         Total |   7395 |   7157 |    238 |    597 |   5504 |  10 |  739.5 |
       Dungeon |   7330 |   7104 |    226 |    597 |   5465 |   9 |  814.4 |
        Temple |     64 |     52 |     12 |      0 |     39 |   1 |   64.0 |
               +--------+--------+--------+--------+--------+-----+--------+

Top non-repeatable levels by time:
     D:1: 1178 daAuts
     D:4: 1163 daAuts
     D:7: 1142 daAuts
     D:6: 1001 daAuts
     D:3: 778 daAuts
     D:5: 751 daAuts
     D:8: 714 daAuts
     D:2: 534 daAuts
  Temple: 64 daAuts
     D:9: 64 daAuts
